 Dungeon Crawl Stone Soup version 0.26.1-11-gd32895ea62 (webtiles) character file.

Game seed: 9433598307890294267

191 nothank2 the Cudgeller (level 5, -10/32 HPs)
             Began as a Gargoyle Fighter on June 25, 2021.
             Mangled by an ogre
             ... wielding a +0 giant club
              (22 damage)
             ... on level 4 of the Dungeon.
             The game lasted 00:04:12 (3323 turns).

nothank2 the Cudgeller (Gargoyle Fighter)           Turns: 3323, Time: 00:04:13

Health: -10/32     AC: 16    Str: 20    XL:     5   Next: 70%
Magic:  5/5        EV:  3    Int:  9    God:
Gold:   221        SH:  9    Dex:  9    Spells: 4/4 levels left

rFire    . . .     SeeInvis .   a - +0 flail
rCold    . . .     Faith    .   c - +0 kite shield
rNeg     + . .     Spirit   .   l - +0 plate armour
rPois    ∞         Reflect  .   (no helmet)
rElec    +         Harm     .   p - +0 cloak
rCorr    .         Rampage  .   (no gloves)
Will     .....                  (no boots)
Stlth    ..........             (no amulet)
HPRegen  0.10/turn              (no ring)
MPRegen  0.09/turn              (no ring)

@: no status effects
A: negative energy resistance 1, electricity resistance, unbreathing,
petrification resistance, miasma immunity, AC +4
a: no special abilities


You were on level 4 of the Dungeon.
You visited 1 branch of the dungeon, and saw 4 of its levels.

You collected 221 gold pieces.

Inventory:

Hand Weapons
 a - a +0 flail (weapon)
Missiles
 s - 4 atropa-tipped darts (quivered)
 t - 5 poisoned darts
Armour
 b - a +0 scale mail
 c - a +0 kite shield (worn)
 l - a +0 plate armour (worn)
 p - a +0 cloak (worn)
Scrolls
 e - 4 scrolls of identify {unknown}
 f - 3 scrolls of fear {unknown}
 g - 4 scrolls of teleportation {unknown}
 i - a scroll of fog {unknown}
 n - a scroll of enchant weapon {unknown}
 q - a scroll of remove curse {unknown}
Potions
 d - a potion of might
 h - a potion of haste {unknown}
 j - 4 potions of curing {unknown}
 k - a potion of flight {unknown}
 m - 2 potions of mutation {unknown}
 o - a potion of degeneration {unknown}
 r - a potion of lignification {unknown}


   Skills:
 - Level 3.2 Fighting
 + Level 5.7 Maces & Flails
 - Level 3.2 Armour
 - Level 3.2 Shields


You had 4 spell levels left.
You didn't know any spells.
Your spell library was empty.

Dungeon Overview and Level Annotations

Branches:
Dungeon (4/15)
 Temple: D:4-7

Altars:
Cheibriados
Dithmenos
Ru
Sif Muna


Innate Abilities, Weirdness & Mutations

You are resistant to torment.
Your stone body is resilient. (AC +4)
You are immune to poison.
You resist negative energy. (rN+)
You are resistant to electric shocks. (rElec)
You can survive without breathing.
You are immune to petrification.
You are immune to miasma.


Message History

You sock the quokka!
You kill the quokka!
You open the door.
An ogre comes into view. It is wielding a +0 giant club.
The ogre shouts!
Found a snail-covered altar of Cheibriados.
You hit the ogre.
The ogre is lightly wounded.
The ogre hits you with a +0 giant club.
Your shield and plate armour prevent you from hitting the ogre.
The ogre is lightly wounded.
The ogre hits you with a +0 giant club!
You are too injured to fight recklessly!
You are too injured to fight recklessly!
You are too injured to fight recklessly!
You hit the ogre.
The ogre is lightly wounded.
The ogre hits you with a +0 giant club!!
Ouch! That really hurt!
You die...

).# #### ... ####
##...##.##...##
#.8.8.#.#.8.8.#
#.._..#.#.._..#
#.8...#.#...8.#
#...O#.#†...#
.#####@..#####.##
........⌠........#
..#####...#####...
+#.#'...#
#.#...8.#
#.#.._..#
#.#.8.8.#
##.##...##
###...#####


You could see an ogre.

Vanquished Creatures
  2 worker ants (D:4)
  4 adders (D:3)
  An adder skeleton (D:4)
  3 worms
  4 dart slugs
  3 leopard geckos
  2 orcs (D:3)
  A ball python (D:3)
  9 bats
  10 giant cockroaches
  11 goblins
  5 hobgoblins
  3 jackals (D:2)
  4 quokkas
  7 frilled lizards
  4 kobolds
  4 rats
77 creatures vanquished.

Notes
Turn   | Place    | Note
-------+----------+-------------------------------------------
     0 | D:1      | nothank2 the Gargoyle Fighter began the quest for the Orb.
     0 | D:1      | Reached XP level 1. HP: 14/14 MP: 1/1
   228 | D:1      | Reached XP level 2. HP: 19/19 MP: 2/2
   388 | D:1      | Reached skill level 3 in Maces & Flails
   476 | D:1      | Reached XP level 3. HP: 23/23 MP: 3/3
  1163 | D:2      | Reached skill level 4 in Maces & Flails
  1402 | D:2      | Reached XP level 4. HP: 24/28 MP: 4/4
  1632 | D:2      | Found a shadowy altar of Dithmenos.
  2625 | D:3      | Reached skill level 5 in Maces & Flails
  2625 | D:3      | Reached XP level 5. HP: 26/32 MP: 5/5
  3313 | D:4      | Found a shimmering blue altar of Sif Muna.
  3316 | D:4      | Found a sacrificial altar of Ru.
  3320 | D:4      | Found a snail-covered altar of Cheibriados.
  3320 | D:4      | Noticed an ogre
  3323 | D:4      | Mangled by an ogre

Illustrated notes

Levels and vault maps discovered:
D:1:      elethiomel_arrival_infinity_welcomes_careful_drivers, layout_basic,
          amcnicky_mini_corridor_feature
D:2:      layout_loops_corners, nicolae_overflow_hidden_temple
D:3:      layout_basic
D:4:      layout_loops_ring, grunt_temple_overflow_cloverleaf,
          yredelemnul_altar_generic

Skill      XL: |  1  2  3  4 |
---------------+-------------+-----
Maces & Flails | 3 4 5 |  5.7
Fighting       | |  3.2
Armour         | |  3.2
Shields        | |  3.2

Action                   |  1- 3 |  4- 6 || total
-------------------------+-------+-------++-------
Melee: Flail             |   131 |   197 ||   328
Armor: Scale mail        |    60 |     2 ||    62
       Plate armour      |       |   141 ||   141
Dodge: Dodged            |    37 |    29 ||    66
Block: Kite shield       |    54 |   103 ||   157
